 Dungeon Crawl Stone Soup version 0.28-a0-620-g539b0f7ac7 (webtiles) character file.

Game seed: 9328525210727481444

9 meatgazer the Magician (level 2, 0/23 HPs)
             Began as a Gnoll Wanderer on Oct 6, 2021.
             Slain by a kobold (4 damage)
             ... on level 1 of the Dungeon.
             The game lasted 00:01:00 (517 turns).

meatgazer the Magician (Gnoll Wanderer)              Turns: 517, Time: 00:01:00

Health: 0/23       AC:  2    Str: 12    XL:     2   Next: 16%
Magic:  6/10       EV: 12    Int: 12    God:
Gold:   27         SH:  0    Dex: 15    Spells: 14/15 levels left

rFire   . . .      SeeInvis .   a - +0 club
rCold   . . .      Faith    .   (no shield)
rNeg    . . .      Spirit   .   c - +0 robe
rPois   .          Reflect  .   (no helmet)
rElec   .          Harm     .   (no cloak)
rCorr   .          Rampage  .   (no gloves)
Will    .....                   (no boots)
Stlth   +++.......              (no amulet)
HPRegen 0.07/turn               f - +6 ring of dexterity
MPRegen 0.12/turn               (no ring)

@: no status effects
A: fangs 1, strong nose, distributed training
a: no special abilities


You were on level 1 of the Dungeon.
You visited 1 branch of the dungeon, and saw 1 of its levels.

You collected 27 gold pieces.

Inventory:

Hand Weapons
 a - a +0 club (weapon)
 e - a +0 dagger
Armour
 c - a +0 robe (worn)
Jewellery
 f - a +6 ring of dexterity (left hand)
Scrolls
 g - 2 scrolls of noise {unknown}
Potions
 b - a potion of curing
 d - a potion of lignification


   Skills:
 + Level 2.4 Fighting
 + Level 0.3 Short Blades
 + Level 0.3 Long Blades
 + Level 0.3 Axes
 + Level 0.3 Maces & Flails
 + Level 0.3 Polearms
 + Level 0.3 Staves
 + Level 0.3 Slings
 + Level 0.3 Bows
 + Level 0.3 Crossbows
 + Level 0.3 Throwing
 + Level 0.3 Armour
 + Level 2.4 Dodging
 + Level 4.0 Stealth
 + Level 0.3 Shields
 + Level 0.3 Unarmed Combat
 + Level 7.1 Spellcasting
 + Level 2.0 Conjurations
 + Level 0.2 Hexes
 + Level 0.2 Summonings
 + Level 0.2 Necromancy
 + Level 0.2 Translocations
 + Level 0.2 Transmutations
 + Level 0.2 Fire Magic
 + Level 0.2 Ice Magic
 + Level 0.2 Air Magic
 + Level 0.2 Earth Magic
 + Level 2.0 Poison Magic
 + Level 0.4 Invocations
 + Level 2.4 Evocations


You had 14 spell levels left.
You knew the following spells:

 Your Spells              Type           Power      Damage    Failure   Level
a - Magic Dart            Conj           36%        1d4       7%          1

Your spell library contained the following spells:

 Spells                   Type           Power      Damage    Failure   Level
 Blink                    Tloc           N/A        N/A       22%         2
 Call Imp                 Summ           4%         N/A       22%         2
 Slow                     Hex            4%         N/A       22%         2
 Mephitic Cloud           Conj/Pois/Air  7%         N/A       26%         3
 Conjure Flame            Conj/Fire      6%         6-21      30%         3


Dungeon Overview and Level Annotations

Branches:
Dungeon (1/15)

Altars:


Innate Abilities, Weirdness & Mutations

You have very sharp teeth.
Your uncanny sense of smell can sniff out nearby items.
Your experience applies equally to all skills.


Message History

You are too injured to fight recklessly!
Casting: Magic Dart (safe; 7% risk of failure)
Confirm with . or Enter, or press ? or * to list all spells.
Aiming: Magic Dart (safe; 7% risk of failure)
Press: ? - help, Shift-Dir - straight line, f - endoplasm
Aim: an endoplasm (almost dead, 100% to hit)
The magic dart hits the endoplasm.
You kill the endoplasm!
The kobold barely misses you.
Casting: Magic Dart (safe; 7% risk of failure)
Confirm with . or Enter, or press ? or * to list all spells.
Aiming: Magic Dart (safe; 7% risk of failure)
Press: ? - help, Shift-Dir - straight line, f - kobold
Aim: a kobold, wielding a +0 club and quivering stones (100% to hit)
The magic dart hits the kobold but does no damage.
The kobold hits you with a +0 club.
You hit the kobold. You bite the kobold, but do no damage.
The kobold is moderately wounded.
The kobold misses you. The kobold closely misses you.
You hit the kobold but do no damage. The kobold hits you but does no damage.
Casting: Magic Dart (safe; 7% risk of failure)
Confirm with . or Enter, or press ? or * to list all spells.
Aiming: Magic Dart (safe; 7% risk of failure)
Press: ? - help, Shift-Dir - straight line, f/p - kobold
Aim: a kobold, wielding a +0 club and quivering stones (100% to hit)
The magic dart hits the kobold but does no damage.
The kobold hits you with a +0 club.
* * * LOW HITPOINT WARNING * * *
Casting: Magic Dart (safe; 7% risk of failure)
Confirm with . or Enter, or press ? or * to list all spells.
Aiming: Magic Dart (safe; 7% risk of failure)
Press: ? - help, Shift-Dir - straight line, f/p - kobold
Aim: a kobold, wielding a +0 club and quivering stones (100% to hit)
The magic dart hits the kobold but does no damage.
The kobold hits you with a +0 club.
* * * LOW HITPOINT WARNING * * *
You hit the kobold.
The kobold is severely wounded.
The kobold hits you with a +0 club.
You die...

♣≈...##.#≈#
8♣...''.8♣#.... #...
♣≈...##.#≈#..#.###...
.....#8.###.........#
....♣##.#≈≈.........#
...≈♣ #+##≈.........#
+##♣# #≈.........#
+#8### #≈......K..#
.....+ #≈.....@...#
.##8## #≈.........# '#
#≈......####
'##♣######≈......#
.≈≈≈≈≈≈≈≈≈≈......#
†.†..............# .
...............#####....
......###..#.>..........
..........####..###.....


You could see a kobold.

Vanquished Creatures
  2 bat zombies (D:1)
  An endoplasm (D:1)
  2 giant cockroaches (D:1)
  A quokka (D:1)
  A frilled lizard (D:1)
  A rat (D:1)
8 creatures vanquished.

Notes
Turn   | Place    | Note
-------+----------+-------------------------------------------
     0 | D:1      | meatgazer the Gnoll Wanderer began the quest for the Orb.
     0 | D:1      | meatgazer set off with the following items: a +0 club, a
                  | potion of curing, a +0 robe, a potion of lignification, a
                  | +0 dagger; and the following spell memorised: Magic Dart;
                  | and the following spells available to memorise: Blink, Call
                  | Imp, Slow, Mephitic Cloud, Conjure Flame
     0 | D:1      | Reached XP level 1. HP: 17/17 MP: 8/8
   120 | D:1      | Reached XP level 2. HP: 16/23 MP: 10/10
   517 | D:1      | Slain by a kobold

Illustrated notes

Levels and vault maps discovered:
D:1:      saegor_arrival_fortress, layout_rooms, serial_shops, shop

Skill      XL: |  1 |
---------------+----+-----
Conjurations   | 2 |  2.0
Poison Magic   | 2 |  2.0
Fighting       | |  2.4
Short Blades   | |  0.3
Long Blades    | |  0.3
Axes           | |  0.3
Maces & Flails | |  0.3
Polearms       | |  0.3
Staves         | |  0.3
Slings         | |  0.3
Bows           | |  0.3
Crossbows      | |  0.3
Throwing       | |  0.3
Armour         | |  0.3
Dodging        | |  2.4
Stealth        | |  4.0
Shields        | |  0.3
Unarmed Combat | |  0.3
Spellcasting   | |  7.1
Hexes          | |  0.2
Summonings     | |  0.2
Necromancy     | |  0.2
Translocations | |  0.2
Transmutations | |  0.2
Fire Magic     | |  0.2
Ice Magic      | |  0.2
Air Magic      | |  0.2
Earth Magic    | |  0.2
Invocations    | |  0.4
Evocations     | |  2.4

Action                   || total
-------------------------++-------
Melee: Club              ||    27
       Pseudopods        ||     3
 Cast: Magic Dart        ||     9
 Stab: Sleeping          ||     1
Armor: Robe              ||    11
Dodge: Dodged            ||    25

Table legend: (Time is in decaauts)
 A = Elapsed time spent in this place.
 B = Non-inter-level travel time spent in this place.
 C = Inter-level travel time spent in this place.
 D = Time resting spent in this place.
 E = Time spent auto-exploring this place.
 F = Levels seen in this place.
 G = Mean time per level.
                   A        B        C        D        E       F      G
               +--------+--------+--------+--------+--------+-----+--------+
         Total |    524 |    524 |      0 |    264 |    187 |   1 |  524.0 |
       Dungeon |    524 |    524 |      0 |    264 |    187 |   1 |  524.0 |
               +--------+--------+--------+--------+--------+-----+--------+

Top non-repeatable levels by time:
     D:1: 524 daAuts
